 Dungeon Crawl Stone Soup version 0.31-a0-1458-g2f8d4710b4 (webtiles) character file.

Game seed: 1847203947704260882

52 NoAnimeNoLife the Ducker (level 3, 0/20 HPs)
             Began as a Felid Chaos Knight on Dec 28, 2023.
             Was a Plaything of Xom.
             Slain by an adder (3 damage)
             ... on level 2 of the Dungeon.
             The game lasted 00:01:08 (1101 turns).

NoAnimeNoLife the Ducker (Felid Chaos Knight)       Turns: 1101, Time: 00:01:08

Health: 0/20       AC:  1    Str:  8    XL:     3   Next: 60%
Magic:  4/4        EV: 19    Int: 15    God:    Xom [..*...]
Gold:   68         SH:  0    Dex: 17    Spells: 2/2 levels left
                                        Lives:  0   Deaths: 1

rFire   . .          .
                       - Unarmed
rCold   . . .        (shield unavailable)
rNeg    . . .        (body armour unavailable)
rPois   .            (helmet unavailable)
rElec   .            (cloak unavailable)
rCorr   .            (gloves unavailable)
SInv    +            (boots unavailable)
Will    .....        (no amulet)
Stlth   +++          (no ring)
HPRegen 0.23/turn    (no ring)
MPRegen 0.09/turn

%: no passive effects
@: lethally poisoned (0 -> -3)
A: very small, claws 1, fangs 3, see invisible, shaggy fur 1, stealthy paws, no
weapons or thrown items, no armour, multi-lived
a: Renounce Religion


You were on level 2 of the Dungeon.
You worshipped Xom.
You were a toy of Xom.
You visited 1 branch of the dungeon, and saw 2 of its levels.

You collected 68 gold pieces.

Inventory:

Scrolls
 a - a scroll of butterflies
 e - a scroll of enchant armour {unknown}
Potions
 b - a potion of attraction {unknown}
 c - 2 potions of curing {@q1}
 d - a potion of invisibility {unknown}


   Skills:
 - Level 3.0 Fighting
 + Level 4.5 Dodging
 + Level 3.3 Stealth
 - Level 3.0 Unarmed Combat


You had 2 spell levels left.
You didn't know any spells.
Your spell library contained the following spells:

 Spells                   Type           Power      Damage    Failure   Level
 Inner Flame              Hex/Fire       0%         N/A       63%         3
 Flame Wave               Conj/Fire      0%         2d4       95%         4
 Sticky Flame             Fire/Alch      0%         2d4       95%         4


Dungeon Overview and Level Annotations

Branches:
Dungeon (2/15)

Altars:


Innate Abilities, Weirdness & Mutations

You have sharp claws.
You have razor-sharp teeth.
You have supernaturally acute eyesight. (SInv)
You are covered in fur. (AC +1)
Your paws help you pounce on unaware monsters.
You are incapable of wielding weapons or throwing items.
You cannot wear armour.
You gain extra lives every three experience levels.


Message History

You scratch the adder.
The adder is heavily wounded.
The adder barely misses you.
You scratch the adder but do no damage. Your bite misses the adder.
The adder is heavily wounded.
The adder misses you.
The hobgoblin hits you with a +0 hand axe!
The adder completely misses you.
There are monsters nearby!
You barely miss the adder.
The adder is heavily wounded.
The hobgoblin completely misses you. The adder misses you.
You completely miss the adder.
The adder is heavily wounded.
The hobgoblin closely misses you. The adder misses you.
There are monsters nearby!
You scratch the adder but do no damage.
The adder is heavily wounded.
The adder misses you.
The hobgoblin hits you with a +0 hand axe.
You are too injured to fight recklessly!
There are monsters nearby!
You are too injured to fight recklessly!
You are too injured to fight recklessly!
The hobgoblin attacks as it pursues you!
The hobgoblin hits you with a +0 hand axe.
The adder bites you.
* * * LOW HITPOINT WARNING * * *
You are lethally poisoned!
The adder poisons you!
There is an open door here.
* * * LOW HITPOINT WARNING * * *
You feel sick. The adder attacks as it pursues you!
The adder closely misses you.
You scratch the adder.
The adder is heavily wounded.
* * * LOW HITPOINT WARNING * * *
You feel sick. The adder bites you.
You die... "It's all fun and games until someone loses an eye."

.......#### #########
..........# #........
.......##.###.################
.......+......................
.......##.#.##########.#######
...#.####.#.# #####.#####
####.# #.#.######....÷÷...#
####.####+#.##...#....÷....#
...#.#......##.#@#.........#
...#.#......##.#.Sg.........#
...#.#......##.###..........#
.....##.....##.# #..........#
...####..†..##.# #.........##
...####.....##.# #.........#
...##.......##.# #$........
...##......<.#.# ##.......#
...##......###.# #.......#


You could see an adder and a hobgoblin.

Vanquished Creatures
  2 adders (D:2)
  A dart slug (D:2)
  4 bats
  3 endoplasms
  2 giant cockroaches
  A goblin (D:2)
  4 hobgoblins
  2 jackals (D:1)
  3 quokkas (D:2)
  A ball python (D:2)
  3 kobolds
  A rat (D:1)
27 creatures vanquished.

Notes
Turn   | Place    | Note
-------+----------+-------------------------------------------
     0 | D:1      | NoAnimeNoLife the Felid Chaos Knight began the quest for
                  | the Orb.
     0 | D:1      | Reached XP level 1. HP: 12/12 MP: 2/2
    43 | D:1      | Reached skill level 1 in Stealth
    71 | D:1      | XOM: silly message
   152 | D:1      | XOM: silly message
   207 | D:1      | Reached XP level 2. HP: 16/16 MP: 3/3
   343 | D:1      | XOM: silly message
   499 | D:1      | XOM: divination: detect creatures
   565 | D:2      | Reached skill level 4 in Dodging
   638 | D:2      | Reached XP level 3. HP: 14/20 MP: 4/4
   768 | D:2      | XOM: silly message
   817 | D:2      | XOM: butterfly on damage
   818 | D:2      | Slain by a hobgoblin
   818 | D:2      | Lost a life (0 lives remaining)
   825 | D:2      | XOM: silly message
   984 | D:2      | XOM: silly message
  1101 | D:2      | Slain by an adder

Illustrated notes

Levels and vault maps discovered:
D:1:      lightli_arrival_maybe_door_vault, layout_rooms
D:2:      layout_basic

Skill      XL: |  1  2  3 |
---------------+----------+-----
Stealth        | 1 2 3 |  3.3
Dodging        | 4 |  4.5
Fighting       | |  3.0
Unarmed Combat | |  3.0

Action                     || total
---------------------------++-------
  Melee: Unarmed           ||    95
         Punch             ||     2
         Bite              ||     7
    Use: Scroll            ||     3
   Stab: Sleeping          ||     3
 Armour: Skin              ||    38
  Dodge: Dodged            ||    99

Table legend: (Time is in decaauts)
 A = Elapsed time spent in this place.
 B = Non-inter-level travel time spent in this place.
 C = Inter-level travel time spent in this place.
 D = Time resting spent in this place.
 E = Time spent auto-exploring this place.
 F = Levels seen in this place.
 G = Mean time per level.
                   A        B        C        D        E       F      G
               +--------+--------+--------+--------+--------+-----+--------+
         Total |   1095 |   1069 |     26 |    204 |    640 |   2 |  547.5 |
       Dungeon |   1095 |   1069 |     26 |    204 |    640 |   2 |  547.5 |
               +--------+--------+--------+--------+--------+-----+--------+

Top non-repeatable levels by time:
     D:2: 571 daAuts
     D:1: 524 daAuts
